 Dungeon Crawl Stone Soup version 0.23.2-1-ga50397a (webtiles) character file.

Game seed: 4166884647810932150

14 kaychamo the Stinger (level 2, 0/24 HPs)
             Began as a Hill Orc Venom Mage on May 31, 2019.
             Slain by Sigmund
             ... wielding a +3 scythe of protection
              (15 damage)
             ... on level 2 of the Dungeon.
             The game lasted 00:07:43 (935 turns).

kaychamo the Stinger (Hill Orc Venom Mage)           Turns: 935, Time: 00:07:43

Health: 0/24       AC:  2    Str: 10    XL:     2   Next: 45%
Magic:  4/4        EV: 12    Int: 15    God:
Gold:   43         SH:  0    Dex: 11    Spells: 3/4 levels left

rFire    . . .     SeeInvis .   i - +0 hunting sling
rCold    . . .     Gourm    .   (no shield)
rNeg     . . .     Faith    .   a - +0 robe
rPois    .         Spirit   .   (no helmet)
rElec    .         Reflect  .   (no cloak)
rCorr    .         Harm     .   (no gloves)
MR       .....                  (no boots)
Stlth    +.........             (no amulet)
HPRegen  0.08/turn              (no ring)
MPRegen  0.09/turn              (no ring)

@: confused
A: no striking features
a: no special abilities


You were on level 2 of the Dungeon.
You were hungry.

You visited 1 branch of the dungeon, and saw 2 of its levels.

You collected 43 gold pieces.

Inventory:

Hand Weapons
 i - a +0 hunting sling (weapon)
   (You found it on level 1 of the Dungeon)
Missiles
 d - 2 curare-tipped needles {!f}
 h - 46 sling bullets (quivered)
 k - 80 stones
 m - 2 javelins
Armour
 a - a +0 robe (worn)
Scrolls
 j - a scroll of noise {unknown}
 n - 2 scrolls of remove curse {unknown}
Potions
 b - a potion of lignification {unknown}
 c - a potion of agility {unknown}
 f - a potion of curing {unknown}
 g - 2 potions of might
 l - a potion of mutation {unknown}
Comestibles
 e - a ration {!d}
 o - a chunk of flesh


   Skills:
 * Level 1.7 Fighting
 + Level 0.9 Armour
 + Level 1.8 Dodging
 - Level 1.5 Stealth
 - Level 1.5 Spellcasting
 - Level 1.0 Conjurations
 - Level 2.6 Poison Magic


You had 3 spell levels left.
You knew the following spells:

 Your Spells              Type           Power        Failure   Level  Hunger
a - Sting                 Conj/Pois      #...         11%         1    ##.....

Your spell library contained the following spells:

 Spells                   Type           Power        Failure   Level  Hunger
 Poisonous Vapours        Pois/Air       #.....       21%         2    ###....
 Mephitic Cloud           Conj/Pois/Air  #.......     38%         3    ####...
 Olgreb's Toxic Radiance  Pois           #.......     61%         4    #####..
 Venom Bolt               Conj/Pois      #.........   97%         5    ######.


Dungeon Overview and Level Annotations

Branches:
Dungeon (2/15)

Altars:

Annotations:
D:2 Sigmund


Message History

Found a stone staircase leading down.
Done exploring.
There is a stone staircase leading down here.
You climb downwards.
Found a murky dark potion.
Found an escape hatch in the ceiling.
There is a stone staircase leading up here.
l - a murky dark potion
Okay, then.
You open the door.
There is an open door here.
A rat comes into view.
You can't see any susceptible monsters within range! (Use Z to cast anyway.) Firing (i - inventory. (/) - cycle)
h - 46 sling bullets (quivered)
Aim: a rat (resting)
You shoot a sling bullet. The sling bullet hits the rat!
You kill the rat!
h - 46 sling bullets (gained 1)
You see here a rat corpse.
There are no objects that can be picked up here. a rat corpse You butcher the rat corpse.
o - a chunk of flesh You see here a rat skeleton.
You open the door.
Found 15 arrows.
You open the door.
There is an open door here.
Sigmund the Dreaded comes into view.
He is wielding a +3 scythe of protection.
Sigmund shouts!
Sigmund hits you from afar with a +3 scythe of protection.
You see here 15 arrows.
There is an open door here.
Sigmund screams, "Die, monster!"
Sigmund points at you and mumbles some strange words.
You are confused.
Okay, then.
Sigmund closely misses you.
You're too confused to move!
Sigmund barely misses you.
You feel less confused.
Sigmund hits you from afar with a +3 scythe of protection.
Sigmund casts a spell at you.
You are confused.
There is an open door here.
You bump into the rock wall.
You are feeling hungry.
You bump into the rock wall.
Sigmund hits you from afar with a +3 scythe of protection!
Ouch! That really hurt!
You die...

###..## ##.......## #....##.#
.......###.รท.......####....##.#
.......(.'.........'.......##.#
.......###.........#.#####.##.#
.....#. ##.......##.# #....#
...# #. ##.....###.# #.#### ..
#. ##.@.## #.# #.# . .. ##'##
#.#####.# ## #@# #.......# #.#
####.#### ##.## #.# ##...## #.#
#########.<...# #.#
#..........<.# #.#
#.#######.#.########.#
#............# ##############


You could see Sigmund.

Vanquished Creatures
  A leopard gecko (D:1)
  A giant cockroach (D:1)
  A goblin (D:1)
  4 hobgoblins (D:1)
  2 frilled lizards (D:1)
  4 rats
13 creatures vanquished.

Notes
Turn   | Place    | Note
-------+----------+-------------------------------------------
     0 | D:1      | kaychamo the Hill Orc Venom Mage began the quest for the
                  | Orb.
     0 | D:1      | Reached XP level 1. HP: 14/14 MP: 3/3
   132 | D:1      | Reached skill level 1 in Fighting
   174 | D:1      | Reached XP level 2. HP: 23/23 MP: 2/4
   918 | D:2      | Noticed Sigmund
   935 | D:2      | Slain by Sigmund

Skill      XL: |  1 |
---------------+----+-----
Fighting       | 1 |  1.7
Armour         | |  0.9
Dodging        | |  1.8
Stealth        | |  1.5
Spellcasting   | |  1.5
Conjurations   | |  1.0
Poison Magic   | |  2.6

Action                   || total
-------------------------++-------
Melee: Unarmed           ||     1
 Fire: Hunting sling     ||     3
 Cast: Sting             ||    21
  Use: Scroll            ||     2
Dodge: Dodged            ||     5
